 Dungeon Crawl Stone Soup version 0.18.1-50-g88ac8fd (webtiles) character file.

81 Amnesiac the Cutter (level 4, -3/27 HPs)
             Began as a Deep Elf Fighter on Mar 2, 2018.
             Was an Initiate of Pakellas.
             Slain by a shadow imp (4 damage)
             ... summoned by Natasha
             ... on level 1 of the Dungeon.
             The game lasted 00:02:55 (2111 turns).

Amnesiac the Cutter (Deep Elf Fighter)              Turns: 2111, Time: 00:02:56

Health: -3/27      AC:  6    Str: 12 (14) XL:     4   Next: 19%
Magic:  5/7        EV:  1    Int: 11 (13) God:    Pakellas [......]
Gold:   46         SH:  8    Dex: 13 (14) Spells: 0 memorised, 3 levels left

rFire  . . .     SeeInvis .     a - +0 rapier
rCold  . . .     Gourm    .     b - +0 scale mail
rNeg   . . .     Faith    .     c - +0 shield
rPois  .         Spirit   .     (no helmet)
rElec  .         Dismiss  .     (no cloak)
rCorr  .         Reflect  .     (no gloves)
SustAt .         Harm     .     (no boots)
MR     .....                    (no amulet)
Stlth  ..........               (no ring)
                                (no ring)

@: slowed, very slow, not resistant to hostile enchantments, extremely
unstealthy
A: no striking features
a: Renounce Religion


You were on level 1 of the Dungeon.
You worshipped Pakellas.
Pakellas was noncommittal.
You were hungry.

You visited 1 branch of the dungeon, and saw 3 of its levels.

You collected 46 gold pieces.

Inventory:

Hand Weapons
 a - a +0 rapier (weapon)
Missiles
 e - 19 poisoned needles
 t - 27 stones (quivered)
Armour
 b - a +0 scale mail (worn)
 c - a +0 shield (worn)
 m - a +1 pair of boots of running
Wands
 o - a wand of digging (0/24)
Scrolls
 l - a scroll of recharging {!r}
 n - 3 scrolls of remove curse {!r}
 s - 2 scrolls of identify {!r}
Potions
 d - a potion of might {!q}
 g - a potion of cure mutation {!q}
 i - a potion of resistance {!q}
Comestibles
 f - a bread ration
 h - 7 fruits


   Skills:
 - Level 2.4 Fighting
 - Level 4.0 Short Blades
 - Level 2.4 Armour
 - Level 2.4 Shields
 + Level 2.0 Evocations


You had 3 spell levels left.
You didn't know any spells.

Dungeon Overview and Level Annotations

Branches:
Dungeon (3/15)

Altars:
Ashenzari
Dithmenos
Pakellas
Qazlal
Vehumet

Annotations:
D:1 Natasha


Message History

You feel blessed for a moment.
It was a scroll of remove curse {!r}.
You block Natasha's attack.
Drink which item? (? for menu, Esc to quit)
Okay, then.
Read which item? (? for menu, Esc to quit)
Really read
s - 3 scrolls labeled JIF ATAEFI {!r}?
As you read the scroll labeled JIF ATAEFI {!r}, it crumbles to dust.
It is a scroll of identify.
Identify which item? (\ to view known items) (? for menu, Esc to quit)
l - a scroll of recharging {!r} Natasha claws you but does no damage.
Natasha mumbles some strange words.
Read which item? (? for menu, Esc to quit)
Really read
k - a scroll labeled BUKHATZEDGHY {!r}?
As you read the scroll labeled BUKHATZEDGHY {!r}, it crumbles to dust.
The creatures around you are filled with an inner flame!
It was a scroll of immolation {!r}.
Natasha claws you!
Read which item? (? for menu, Esc to quit)
Really read
j - a scroll labeled ARCHUG INUKLIMO {!r}?
As you read the scroll labeled ARCHUG INUKLIMO {!r}, it crumbles to dust.
You assume a fearsome visage.
Natasha looks frightened!
The iron imp is unaffected.
It was a scroll of fear {!r}.
You are feeling hungry.
Natasha mumbles some strange words.
You block the iron imp's attack.
Cornered, Natasha turns to fight!
Natasha casts a spell.
You block the iron imp's attack. The iron imp barely misses you.
Natasha stares at you and mumbles some strange words.
The magic dart hits you!
The iron imp disappears in a puff of smoke!
Natasha stares at you and mumbles some strange words.
The magic dart hits you! You block Natasha's attack.
Natasha casts a spell at you.
You feel yourself slow down.
The crimson imp blinks!
Natasha casts a spell at you. The magic dart hits you!
* * * LOW HITPOINT WARNING * * *
Natasha claws you but does no damage.
Natasha casts a spell.
Natasha wildly gestures.
Natasha's fingertips start to glow.
You block Natasha's attack. Natasha claws you but does no damage.
Natasha casts a spell at you.
You feel as though you will be slow longer.
Natasha claws you.
* * * LOW HITPOINT WARNING * * *
Natasha claws you.
* * * LOW HITPOINT WARNING * * *
You block Natasha's attack.
Natasha mumbles some strange words.
Drink which item? (? for menu, Esc to quit)
Okay, then.
The white imp gestures at you. The puff of frost misses you. Natasha claws you.
* * * LOW HITPOINT WARNING * * *
The shadow imp closely misses you.
There is a stone staircase leading down, spattered with blood here.
You block Natasha's attack. The shadow imp hits you.
You die...
Pakellas says: Good help is so hard to find these days!

###### #........# #.# .....#
#........### #.#
####.###..........# #.#
#...............####.#
###........##........#.#
............'.....##.#.##########
#####..######......5.............
###................#.#.#########.
................@h.#.#.# #.
###.###.#####...5..#.#.# #. #
#.###..####......#.#.# #. #
#..................#.#########. #
#.#.##.######..#.###.5....5.... #
#.#.##..#####...............#..
###...#.)..........##########.#..
......#.#†.####...............#..
#####.#.#....##....#.##########5.


You could see Natasha (inner flame), a white imp and a shadow imp.

Vanquished Creatures
  Jessica (D:2)
  2 adders (D:2)
  2 oozes (D:1)
  A worm (D:3)
  A giant gecko (D:3)
  2 giant cockroaches (D:1)
  2 hobgoblins
  4 jackals (D:1)
  2 kobolds
  A quokka (D:2)
  2 ball pythons (D:1)
  3 giant newts (D:1)
  A goblin (D:1)
  3 rats
27 creatures vanquished.

Notes
Turn   | Place    | Note
--------------------------------------------------------------
     0 | D:1      | Amnesiac the Deep Elf Fighter began the quest for the Orb.
     0 | D:1      | Reached XP level 1. HP: 13/13 MP: 3/3
   100 | D:1      | Reached XP level 2. HP: 15/18 MP: 4/4
   126 | D:1      | Reached skill level 3 in Short Blades
   211 | D:2      | Found a stormy altar of Qazlal.
   464 | D:2      | Reached XP level 3. HP: 10/22 MP: 5/5
   490 | D:2      | HP: 1/22 [poisoned by an adder]
   762 | D:3      | Found a radiant altar of Vehumet.
   906 | D:3      | Found an oddly glowing altar of Pakellas.
   914 | D:3      | Became a worshipper of Pakellas the Inventive
   936 | D:2      | Found a shadowy altar of Dithmenos.
  1239 | D:1      | Reached skill level 4 in Short Blades
  1689 | D:2      | Noticed Jessica
  1695 | D:2      | HP: 1/22 [Jessica/nerve-wracking pain (8)]
  1700 | D:2      | Killed Jessica
  1700 | D:2      | Reached XP level 4. HP: 1/27 MP: 5/7
  2077 | D:2      | Found a shattered altar of Ashenzari.
  2077 | D:2      | Noticed Natasha
  2110 | D:1      | HP: 1/27 [Natasha (5)]
  2111 | D:1      | Slain by a shadow imp

Skill      XL: |  1  2  3 |
---------------+----------+-----
Short Blades   | 3 4 |  4.0
Evocations     | 2 |  2.0
Fighting       | |  2.4
Armour         | |  2.4
Shields        | |  2.4

Action                   |  1- 3 |  4- 6 || total
-------------------------+-------+-------++-------
Melee: Rapier            |   121 |     1 ||   122
Evoke: Wand              |     1 |       ||     1
  Use: Potion            |     5 |       ||     5
       Scroll            |       |     4 ||     4
  Eat: Chunk             |     3 |     1 ||     4
Armor: Scale mail        |    51 |     5 ||    56
Dodge: Dodged            |    29 |     5 ||    34
Block: Shield            |    65 |     8 ||    73
